AoeStats
← Nutty

Yucatan

510596540Analyzed
4v4 RM · 1d ago on Oct 1, 2026· 61m 41s· 8 players
Game mode
Random Map
Map size
Large (8 player)
Population
200
Speed
Normal
Resources
Standard
Victory
Conquest
Starting age
Dark Age
Ending age
Imperial Age
RankedLock teamsTeams togetherTeam positionsShared explorationLock speedFull tech treeHidden civsTurbo modeCheats
Victory
Defeat
🇵🇱 Saxons · Poland
1270
+14
🇧🇷 Mongols · Brazil
1247
+15
🇳🇴 Muisca · Norway
1241
+15
🇳🇱 Bulgarians · Netherlands
1240
+15
🇬🇧 Tupi · United Kingdom
1283
-17
🇬🇧 Mongols · United Kingdom
1227
-15
🇬🇧 Varangians · United Kingdom
1201
-14
🇬🇧 Spanish · United Kingdom
1185
-13
Happy Pirate
4:20 Loom
10:07 Feudal Age
14:09 Castle Age
13:38 Fletching
14:00 Forging
13:41 Double-Bit Axe
14:25 Bloodlines
14:34 Light Cavalry
22:22 Husbandry
24:43 Scale Barding Armor
24:51 Scale Barding Armor
29:26 Wheelbarrow
29:22 Chain Barding Armor
33:39 Hand Cart
37:02 Imperial Age
35:49 Iron Casting
35:06 Fletching
35:31 Arson
36:01 Bodkin Arrow
38:07 Conscription
37:42 Elite Mangudai
38:31 Bracer
38:32 Padded Archer Armor
40:10 Ballistics
40:51 Chemistry
40:10 Leather Archer Armor
41:17 Parthian Tactics
41:11 Fortified Wall
41:35 Bow Saw
41:08 Horse Collar
41:25 Gold Mining
41:26 Stone Mining
42:28 Thumb Ring
43:06 Nomads
43:44 Drill
44:36 Coinage
44:28 Siege Engineers
43:54 Hussar
46:36 Iron Casting
47:00 Banking
50:10 Man-at-Arms
53:36 Long Swordsman
57:08 Masonry
59:15 Onager
Santykins
8:58 Loom
10:45 Feudal Age
14:55 Castle Age
23:07 Fletching
25:49 Double-Bit Axe
27:53 Horse Collar
29:05 Bodkin Arrow
32:12 Wheelbarrow
31:33 Gold Mining
33:00 Bow Saw
39:30 Imperial Age
37:49 Padded Archer Armor
40:37 Conscription
40:41 Ballistics
40:29 Bracer
40:44 Leather Archer Armor
45:17 Ring Archer Armor
45:42 Onager
52:04 Pikeman
52:45 Squires
52:30 Arson
52:33 Halberdier
56:16 Hand Cart
58:45 Elite Ibirapema Warrior
59:56 Scale Mail Armor
60:10 Forging
Yorku
12:08 Feudal Age
10:26 Loom
12:12 Feudal Age
16:41 Castle Age
16:01 Scale Barding Armor
19:07 Double-Bit Axe
20:29 Bloodlines
25:39 Horse Collar
26:12 Bow Saw
26:35 Forging
31:53 Chain Barding Armor
32:10 Iron Casting
34:08 Wheelbarrow
36:35 Hand Cart
36:26 Heavy Plow
41:55 Imperial Age
43:44 Plate Barding Armor
43:13 Fletching
48:15 Blast Furnace
57:02 Town Watch
57:30 Bodkin Arrow
58:12 Conscription
58:08 Cavalier
58:50 Husbandry
AngryGoose
11:40 Feudal Age
15:26 Wheelbarrow
14:36 Loom
17:26 Castle Age
25:10 Wheelbarrow
29:06 Town Watch
29:38 Double-Bit Axe
29:35 Horse Collar
30:29 Bow Saw
31:13 Hand Cart
34:49 Husbandry
36:03 Bloodlines
35:14 Light Cavalry
40:45 Imperial Age
39:10 Gold Mining
42:02 Elite Conquistador
44:23 Hoardings
44:08 Conscription
53:35 Coinage
52:48 Hussar
58:53 Capped Ram
Czotyn
10:24 Feudal Age
14:19 Castle Age
13:54 Double-Bit Axe
15:03 Fletching
16:23 Bodkin Arrow
20:46 Elite Skirmisher
26:24 Gold Mining
26:25 Stone Mining
26:21 Horse Collar
27:25 Loom
32:14 Imperial Age
30:25 Forging
30:15 Scale Mail Armor
30:38 Bow Saw
30:37 Heavy Plow
31:24 Gold Shaft Mining
32:12 Iron Casting
31:38 Scale Mail Armor
32:12 Squires
31:58 Arson
34:02 Conscription
35:40 Wheelbarrow
36:59 Hand Cart
39:38 Chain Mail Armor
41:54 Elite Varangian Guard
47:55 Elite Hearth Troop
47:56 Shield Wall
49:46 Plate Mail Armor
56:50 Bracer
56:50 Padded Archer Armor
57:57 Guard Tower
59:28 Keep
58:39 Arrowslits
59:15 Ballistics
59:55 Chemistry
59:34 Treadmill Crane
60:07 Masonry
61:50 Architecture
61:18 Murder Holes
61:37 Fortified Wall
HAHA
1:56 Loom
9:57 Feudal Age
11:52 Bloodlines
12:18 Double-Bit Axe
13:07 Forging
16:19 Scale Barding Armor
16:21 Horse Collar
22:24 Castle Age
23:33 Husbandry
22:55 Light Cavalry
23:57 Chain Barding Armor
24:13 Iron Casting
24:47 Gold Mining
25:09 Bow Saw
25:49 Fletching
25:59 Padded Archer Armor
27:30 Bodkin Arrow
27:51 Leather Archer Armor
27:38 Town Watch
30:21 Wheelbarrow
32:16 Hand Cart
33:40 Thumb Ring
32:59 Crossbowman
36:03 Town Patrol
37:04 Ballistics
36:33 Elite Skirmisher
40:43 Imperial Age
40:55 Stone Mining
41:41 Gold Shaft Mining
40:55 Arbalester
41:38 Bracer
44:09 Stone Shaft Mining
43:37 Heavy Plow
45:37 Conscription
50:07 Hussar
53:36 Capped Ram
55:07 Siege Ram
59:29 Elite Mangudai
60:10 Nomads
60:30 Drill
60:47 Hoardings
59:42 Sappers
Maudje10
6:34 Loom
8:52 Feudal Age
10:29 Double-Bit Axe
13:24 Forging
13:19 Scale Barding Armor
13:18 Scale Mail Armor
15:34 Arson
22:28 Castle Age
21:24 Horse Collar
23:47 Iron Casting
23:28 Chain Mail Armor
23:47 Bow Saw
26:07 Pikeman
28:09 Heavy Plow
29:13 Chain Mail Armor
30:28 Wheelbarrow
32:14 Fletching
33:16 Squires
34:08 Hand Cart
43:14 Imperial Age
42:21 Bloodlines
42:12 Husbandry
43:15 Scale Barding Armor
45:03 Blast Furnace
44:24 Chain Barding Armor
45:32 Crop Rotation
45:25 Elite Konnik
47:23 Plate Barding Armor
47:31 Plate Mail Armor
48:14 Gold Mining
49:47 Halberdier
50:36 Light Cavalry
55:13 Stirrups
55:46 Bagains
57:38 Conscription
58:02 Bodkin Arrow
59:26 Gambesons
62:01 Bracer
Nutty
9:25 Loom
11:23 Feudal Age
13:11 Double-Bit Axe
15:38 Castle Age
17:40 Horse Collar
17:58 Crossbowman
22:51 Ballistics
22:30 Fletching
22:41 Padded Archer Armor
23:32 Bodkin Arrow
25:31 Pikeman
26:37 Scale Mail Armor
27:34 Leather Archer Armor
31:29 Thumb Ring
31:29 Squires
32:31 Forging
33:03 Wheelbarrow
33:03 Town Watch
35:06 Hand Cart
35:18 Bow Saw
38:00 Heavy Plow
39:40 Chain Mail Armor
43:38 Imperial Age
41:52 Herbalism
42:29 Elite Skirmisher
44:50 Bracer
47:51 Arbalester
54:47 Two-Man Saw
57:06 Town Patrol
Connection lost

Rejoining the realm…

Still unreachable

The connection could not be restored.

Session expired

The server has moved on; the page needs a fresh start.